 Dungeon Crawl Stone Soup version 0.25-a0-302-g9f758675c1 (webtiles) character file.

Game seed: 7643286645667887688, levelgen mode: deterministic

585 DerDa the Magician (level 7, -1/41 HPs)
             Began as an Octopode Fire Elementalist on Dec 20, 2019.
             Slain by a gnoll
             ... wielding a +0 spear
              (8 damage)
             ... on level 3 of the Dungeon.
             The game lasted 00:13:07 (3374 turns).

DerDa the Magician (Octopode Fire Elementalist)     Turns: 3374, Time: 00:13:07

Health: -1/41      AC:  1    Str:  7    XL:     7   Next: 37%
Magic:  2/16       EV: 13    Int: 20    God:
Gold:   165        SH:  0    Dex: 12    Spells: 5/18 levels left

rFire    . . .     SeeInvis .   p - +1 war axe (pain)
rCold    . . .     Gourm    .   (no shield)
rNeg     . . .     Faith    .   (helmet restricted)
rPois    .         Spirit   .   (no amulet)
rElec    .         Reflect  .   (no ring)
rCorr    .         Harm     .   (no ring)
MR       .....                  (no ring)
Stlth    +++.......             (no ring)
HPRegen  0.13/turn              (no ring)
MPRegen  0.15/turn              (no ring)
                                (no ring)
                                (no ring)

@: no status effects
A: almost no armour, stealthy swim, amphibious, 8 rings, constrict 8, camouflage
1, gelatinous body 1
a: no special abilities


You were on level 3 of the Dungeon.
You were not hungry.

You visited 1 branch of the dungeon, and saw 3 of its levels.
You also visited: Sewer.

You collected 165 gold pieces.

Inventory:

Hand Weapons
 d - a +0 club
 p - a +1 war axe of pain (weapon)
 w - a +0 hunting sling
Missiles
 a - 79 sling bullets
 e - 195 stones (quivered)
 i - 22 poisoned darts
 j - 5 curare-tipped darts
 m - 5 silver boomerangs
Armour
 f - a +0 shield
Scrolls
 c - 4 scrolls of teleportation {unknown}
 g - 5 scrolls of identify {unknown}
 h - a scroll of fear {unknown}
 k - a scroll of magic mapping {unknown}
 n - a scroll of enchant weapon {unknown}
 s - a scroll of fog {unknown}
 u - a scroll of remove curse {unknown}
 v - a scroll of enchant armour {unknown}
Potions
 l - 2 potions of brilliance {unknown}
 o - 3 potions of magic
 q - 2 potions of heal wounds
 r - 3 potions of haste {unknown}
Comestibles
 b - 5 rations
 t - 12 chunks of flesh


   Skills:
 - Level 2.0 Dodging
 - Level 3.0 Stealth
 * Level 6.0 Spellcasting
 + Level 4.1 Conjurations
 - Level 3.2 Fire Magic


You had 5 spell levels left.
You knew the following spells:

 Your Spells              Type           Power        Failure   Level  Hunger
a - Foxfire               Conj/Fire      ###.         2%          1    None
b - Conjure Flame         Conj/Fire      ###.....     7%          3    ##.....
c - Sticky Flame          Conj/Fire      ###.....     22%         4    ####...
d - Fireball              Conj/Fire      ###.......   54%         5    #####..

Your spell library contained the following spells:

 Spells                   Type           Power        Failure   Level  Hunger
 Inner Flame              Hex/Fire       ##......     16%         3    ##.....


Dungeon Overview and Level Annotations

Branches:
Dungeon (3/15)              Sewer (visited)

Altars:


Innate Abilities, Weirdness & Mutations

You cannot wear most types of armour.
You are very stealthy in the water. (Stealth+)
You are amphibious.
You can wear up to eight rings at the same time.
You can use your tentacles to constrict eight enemies at once.
Your skin changes colour to match your surroundings (Stealth+).
Your rubbery body absorbs attacks. (AC +1, EV +1)


Message History

You kill the goblin!
There is an open door here.
Casting: Foxfire (safe; 2% risk of failure)
Confirm with . or Enter, or press ? or * to list all spells.
You conjure some foxfire!
The gnoll hits you from afar with a +0 spear.
* * * LOW HITPOINT WARNING * * *
Do you really want to walk into your foxfire? [Y]es or [N]o only, please.
Do you really want to walk into your foxfire?
Unknown command.
The foxfire hits the gnoll.
The gnoll is severely wounded.
The foxfire hits the gnoll.
The gnoll is almost dead.
Casting: Foxfire (safe; 2% risk of failure)
Confirm with . or Enter, or press ? or * to list all spells.
You conjure some foxfire!
The gnoll hits you from afar with a +0 spear!
You die...

≈≈.....≈≈≈≈≈≈≈≈≈≈≈≈≈≈≈≈≈≈≈≈≈≈≈≈≈≈
≈.....§§§v≈≈≈≈≈≈≈≈≈≈≈≈≈≈≈≈≈≈≈≈≈##
###''###########################.
#....#.......#.....## ##......#.
#....#.......).)....###.......#.
##....#########).)....#........##
#...)).#.)....))......#........).
+....).'.)).....v.....'..)(....).
#......#........@.g...#.(.......)
##...)#########.v.....#..$.....##
#....# +......###.......#. #....#
#.....## ##.....)#.
################################.
≈≈≈≈≈≈≈≈≈≈≈≈≈≈≈≈≈≈≈≈≈≈≈≈≈≈≈≈≈≈≈##
≈≈≈≈≈≈≈≈≈≈≈≈≈≈≈≈≈≈≈≈≈≈≈≈≈≈≈≈≈≈≈≈≈
≈≈≈≈≈≈≈≈≈≈≈≈≈≈≈≈≈≈≈≈≈≈≈≈≈≈≈≈≈≈###
###############################


You could see a gnoll.

Vanquished Creatures
  A water moccasin (D:2)
  3 big kobolds (Sewer)
  Jessica (D:2)
  3 gnolls (D:3)
  7 adders
  A river rat (D:3)
  5 oozes
  2 worms
  4 dart slugs
  3 leopard geckos
  An orc (D:3)
  4 ball pythons
  2 bats (D:1)
  8 giant cockroaches
  21 hobgoblins
  4 jackals (D:2)
  A frilled lizard (D:3)
  21 goblins
  14 kobolds
  5 rats
111 creatures vanquished.

Vanquished Creatures (others)
  260 foxfires
260 creatures vanquished.

Grand Total: 371 creatures vanquished

Notes
Turn   | Place    | Note
-------+----------+-------------------------------------------
     0 | D:1      | DerDa the Octopode Fire Elementalist began the quest for
                  | the Orb.
     0 | D:1      | Reached XP level 1. HP: 11/11 MP: 3/3
    68 | D:1      | Reached XP level 2. HP: 14/17 MP: 3/5
   734 | D:1      | Reached XP level 3. HP: 21/21 MP: 2/6
   941 | D:1      | Learned a level 3 spell: Conjure Flame
  1029 | D:2      | Noticed Jessica
  1036 | D:2      | Killed Jessica
  1036 | D:2      | Reached skill level 3 in Spellcasting
  1036 | D:2      | Reached XP level 4. HP: 27/27 MP: 4/8
  1306 | D:2      | Noticed a water moccasin
  1319 | D:2      | Killed a water moccasin
  1319 | D:2      | Reached skill level 4 in Spellcasting
  1319 | D:2      | Reached XP level 5. HP: 9/31 MP: 0/11
  1968 | D:3      | Reached XP level 6. HP: 36/36 MP: 9/12
  1991 | D:3      | Found a glowing drain.
  2000 | Sewer    | Entered a sewer
  2360 | Sewer    | Reached skill level 5 in Spellcasting
  2467 | Sewer    | Reached XP level 7. HP: 27/41 MP: 9/15
  2804 | D:3      | Learned a level 4 spell: Sticky Flame
  2810 | D:3      | Learned a level 5 spell: Fireball
  3351 | D:3      | Reached skill level 6 in Spellcasting
  3374 | D:3      | Slain by a gnoll

Levels and vault maps discovered:
D:1:      saegor_arrival_under_anarchy, layout_loops_corners,
          hangedman_feature_mirror
D:2:      layout_basic, minivault_19, uniq_jessica
D:3:      minmay_goblin_kobold_castle, layout_rooms, portal_sewer_entry_e,
          minmay_pentangle

Skill      XL: |  1  2  3  4  5  6  7 |
---------------+----------------------+-----
Stealth        | 3 |  3.0
Spellcasting   | 3 4 5 6 |  6.0
Conjurations   | 3 4 |  4.1
Dodging        | |  2.0
Fire Magic     | |  3.2

Action                   |  1- 3 |  4- 6 |  7- 9 || total
-------------------------+-------+-------+-------++-------
Melee: Unarmed           |     1 |       |       ||     1
       Club              |    10 |     1 |       ||    11
       Constrict         |     3 |     3 |     4 ||    10
       Tentacles         |     1 |     3 |     1 ||     5
       War axe           |       |    31 |    11 ||    42
 Cast: Foxfire           |    32 |    61 |    55 ||   148
  Use: Potion            |       |     5 |       ||     5
 Stab: Sleeping          |       |     3 |       ||     3
  Eat: Chunk             |     1 |     4 |     3 ||     8
Armor: Skin              |       |     3 |     2 ||     5
Dodge: Dodged            |    10 |    35 |    35 ||    80

Table legend:
 A = Non-vault XP
 B = Vault XP
 C = Vault XP percentage of total XP
 D = Non-vault monster count
 E = Vault monster count
 F = Vault count percentage of total count
                 A         B        C        D         E       F
            +---------+---------+-------+---------+---------+-------
      Total |     287 |     550 |  65.7 |      43 |      68 |  61.3
            +---------+---------+-------+---------+---------+-------
        D:1 |      39 |       0 |   0.0 |      17 |       0 |   0.0
        D:2 |     227 |      37 |  14.0 |      15 |       1 |   6.2
        D:3 |      21 |     138 |  86.8 |      11 |      45 |  80.4
      Sewer |       0 |     375 | 100.0 |       0 |      22 | 100.0
            +---------+---------+-------+---------+---------+-------
